 Dungeon Crawl Stone Soup version 0.27-a0-994-g5030419646 (webtiles) character file.

Game seed: 11199591761880336921

280 Ijustatesigmund the Skirmisher (level 6, -4/49 HPs)
             Began as a Demonspawn Fighter on Apr 16, 2021.
             Slain by an ogre
             ... wielding a +0 giant spiked club
              (15 damage)
             ... on level 4 of the Dungeon.
             The game lasted 00:03:41 (3824 turns).

Ijustatesigmund the Skirmisher (Demonspawn Fighter) Turns: 3824, Time: 00:03:42

Health: -4/49      AC: 12    Str: 17    XL:     6   Next: 5%
Magic:  6/6        EV:  5    Int: 11    God:
Gold:   169        SH:  9    Dex: 14    Spells: 5/5 levels left

rFire    . . .     SeeInvis .   a - +1 war axe
rCold    . . .     Faith    .   c - +0 kite shield
rNeg     . . .     Spirit   .   b - +0 chain mail
rPois    .         Reflect  .   r - +1 helmet
rElec    .         Harm     .   (no cloak)
rCorr    .         Rampage  .   e - +0 pair of gloves
Will     .....                  (no boots)
Stlth    ..........             (no amulet)
HPRegen  0.16/turn              (no ring)
MPRegen  0.10/turn              (no ring)

@: mighty
A: talons 1, powered by death 1, big brain 1
a: no special abilities


You were on level 4 of the Dungeon.
You visited 1 branch of the dungeon, and saw 4 of its levels.

You collected 169 gold pieces.

Inventory:

Hand Weapons
 a - a +1 war axe (weapon)
Armour
 b - a +0 chain mail (worn)
 c - a +0 kite shield (worn)
 e - a +0 pair of gloves (worn)
 r - a +1 helmet (worn)
Jewellery
 l - a +4 ring of protection
Wands
 p - a wand of iceblast (7)
Scrolls
 i - a scroll of identify {unknown}
 k - a scroll of amnesia
 n - a scroll of enchant weapon
 q - a scroll of enchant armour {unknown}
Potions
 d - a potion of might
 f - a potion of attraction {unknown}
 g - 2 potions of cancellation {unknown}
 h - a potion of mutation {unknown}
 j - a potion of haste {unknown}
 m - 2 potions of curing {unknown}
 o - a potion of brilliance {unknown}


   Skills:
 + Level 4.5 Fighting
 + Level 3.6 Axes
 - Level 2.6 Armour
 + Level 3.0 Dodging
 - Level 2.6 Shields


You had 5 spell levels left.
You didn't know any spells.
Your spell library was empty.

Dungeon Overview and Level Annotations

Branches:
Dungeon (4/15)             Temple (0/1) D:4

Altars:
Gozag
Okawaru
Yredelemnul

Annotations:
D:3 2 transporters, Morbidden's ghost, amateur TrTm
D:4 Sigmund


Innate Abilities, Weirdness & Mutations

You have sharp toenails.
You regenerate a little health from kills.
You have an unusually large brain. (Int +2)


Message History

You finish putting on your +1 helmet.
An ogre comes into view. It is wielding a +0 giant spiked club.
The ogre shouts!
A gnoll comes into view. It is wielding a +0 flail.
Sigmund the Dreaded comes into view.
He is wielding a +0 scythe and carrying a wand of polymorph (11).
Sigmund shouts!
You hear a shout! x2
You hit the gnoll.
The gnoll is heavily wounded.
The gnoll hits you with a +0 flail.
The ogre hits you with a +0 giant spiked club!!
Ouch! That really hurt!
You are too injured to fight recklessly!
You are too injured to fight recklessly!
You are too injured to fight recklessly!
You are too injured to fight recklessly!
You are too injured to fight recklessly!
You are too injured to fight recklessly!
You are too injured to fight recklessly!
You are too injured to fight recklessly!
You are too injured to fight recklessly!
You are too injured to fight recklessly!
You are too injured to fight recklessly!
You are too injured to fight recklessly!
You are too injured to fight recklessly!
You are too injured to fight recklessly!
You are too injured to fight recklessly!
You are too injured to fight recklessly!
You are too injured to fight recklessly!
Unknown command.
You feel very mighty all of a sudden. You block the gnoll's attack.
A hound skeleton comes into view.
The ogre hits you with a +0 giant spiked club!
* * * LOW HITPOINT WARNING * * *
You completely miss the gnoll.
The gnoll is heavily wounded.
Your chain mail prevents you from hitting the ogre.
The gnoll hits you but does no damage. You block the gnoll's attack.
The ogre hits you with a +0 giant spiked club!
You die...

##### #...#
#... ...
#.# #
#.###.#
##..OZ.###.
#..@g.@....
#.###..###.
### #.# .#
#.#.# ..#
#.# # #...#
#.. #.#
#.## #...#
#.# #.#
#..###...#
#.# #.#
#... #...#
#.# #.#
#..# #...#
##.## #.#
#..#
#...###...#


You could see Sigmund, an ogre, a gnoll and a hound skeleton.

Vanquished Creatures
  2 scorpions
  A hound skeleton (D:4)
  6 adders
  An adder skeleton (D:4)
  A worm (D:2)
  2 dart slugs
  5 orcs (D:3)
  5 ball pythons
  5 endoplasms
  3 giant cockroaches (D:2)
  6 goblins
  9 hobgoblins
  6 jackals (D:3)
  2 quokkas
  6 bats
  A frilled lizard (D:1)
  8 kobolds
  6 rats
  A spectral orc (D:3)
76 creatures vanquished.

Notes
Turn   | Place    | Note
-------+----------+-------------------------------------------
     0 | D:1      | Ijustatesigmund the Demonspawn Fighter began the quest for
                  | the Orb.
     0 | D:1      | Reached XP level 1. HP: 18/18 MP: 1/1
    41 | D:1      | Found a faded altar of an unknown god.
   545 | D:1      | Gained mutation: You have an unusually large brain. (Int
                  | +2) [demonic ancestry]
   545 | D:1      | Reached XP level 2. HP: 24/24 MP: 2/2
   870 | D:1      | Reached skill level 1 in Dodging
  1541 | D:2      | Reached XP level 3. HP: 14/29 MP: 3/3
  2298 | D:2      | Gained mutation: You have sharp toenails. [demonic
                  | ancestry]
  2298 | D:2      | Reached XP level 4. HP: 37/37 MP: 4/4
  2472 | D:2      | Noticed a scorpion
  2477 | D:2      | Killed a scorpion
  2478 | D:2      | Reached skill level 4 in Fighting
  2502 | D:2      | Gained mutation: You regenerate a little health from kills.
                  | [demonic ancestry]
  2502 | D:2      | Reached XP level 5. HP: 42/42 MP: 5/5
  2749 | D:3      | Found a transporter.
  2824 | D:3      | Found a transporter.
  2857 | D:3      | Found an iron altar of Okawaru.
  2890 | D:3      | Found an opulent altar of Gozag.
  3063 | D:3      | Found a basalt altar of Yredelemnul.
  3152 | D:3      | Noticed a necrophage
  3157 | D:3      | Noticed Morbidden's ghost (amateur TrTm)
  3492 | D:4      | Found a staircase to the Ecumenical Temple.
  3683 | D:4      | Reached XP level 6. HP: 41/49 MP: 6/6
  3821 | D:4      | Noticed Sigmund
  3824 | D:4      | Slain by an ogre

Illustrated notes

Levels and vault maps discovered:
D:1:      dpeg_arrival_pond, layout_basic, basic_ecumenical_altar, st_stairs_10,
          patterned_corridor
D:2:      minmay_wonky_spiral, layout_basic, minmay_goblin_kobold_house
D:3:      layout_loops_cross, nicolae_overflow_crystal_walls,
          yredelemnul_forgotten_temple_becter, grunt_gozag_breadcrumbs,
          gammafunk_ghost_mausoleum
D:4:      layout_loops_ring, minmay_temple_entry_fiery, grunt_decor_clamped,
          kennysheep_flooded_box, uniq_sigmund

Skill      XL: |  1  2  3  4  5 |
---------------+----------------+-----
Axes           | 2 3 |  3.6
Dodging        | 1 2 3 |  3.0
Fighting       | 4 |  4.5
Armour         | |  2.6
Shields        | |  2.6

Action                   |  1- 3 |  4- 6 || total
-------------------------+-------+-------++-------
Melee: War axe           |   130 |    95 ||   225
       Kick              |       |    32 ||    32
  Use: Scroll            |     3 |     2 ||     5
       Potion            |       |     1 ||     1
Armor: Scale mail        |    57 |       ||    57
       Chain mail        |    29 |    68 ||    97
Dodge: Dodged            |    42 |    29 ||    71
Block: Kite shield       |    63 |    44 ||   107

Table legend: (Time is in decaauts)
 A = Elapsed time spent in this place.
 B = Non-inter-level travel time spent in this place.
 C = Inter-level travel time spent in this place.
 D = Time resting spent in this place.
 E = Time spent auto-exploring this place.
 F = Levels seen in this place.
 G = Mean time per level.
                   A        B        C        D        E       F      G
               +--------+--------+--------+--------+--------+-----+--------+
         Total |   3963 |   3887 |     76 |    477 |   2803 |   4 |  990.8 |
       Dungeon |   3963 |   3887 |     76 |    477 |   2803 |   4 |  990.8 |
               +--------+--------+--------+--------+--------+-----+--------+

Top non-repeatable levels by time:
     D:1: 1485 daAuts
     D:2: 1329 daAuts
     D:3: 689 daAuts
     D:4: 458 daAuts
